 Dungeon Sprint DCSS version 0.16-a0-4004-g8d6611c (webtiles) character file.

5100000 PolkaDot the Grand Master (level 25, -27/234 HPs)
             Began as a Demonspawn Monk on Feb 15, 2015.
             Was the Champion of Makhleb.
             Annihilated by a destroyer
             ... wielding a +9 great sword of slicing
              (232 damage)
             ... in the Dungeon (Sprint VIII: "Arena of Blood").
             The game lasted 00:04:15 (51 turns).

PolkaDot the Grand Master (Demonspawn Monk)           Turns: 51, Time: 00:04:15

Health: -27/234    AC:  8    Str: 12      XL:     25   Next: 8%
Magic:  23/49      EV: 37    Int: 12 (14) God:    Makhleb [******]
Gold:   0          SH:  0    Dex: 25      Spells: 0 memorised, 78 levels left

rFire  + + .     SeeInvis .     i - +∞ Axe of Woe
rCold  . . .     Clarity  .     a - +0 robe
rNeg   . . .     SustAb   .     (no shield)
rPois  .         Gourm    .     (no helmet)
rElec  .         Spirit   .     (no cloak)
rCorr  .         Warding  .     (no gloves)
rMut   .         NoTele   +     (boots unavailable)
MR     +....                    (no amulet)
Stlth  +++++++++.               (no ring)
                                (no ring)

@: somewhat resistant to hostile enchantments, incredibly stealthy
A: hooves 3, molten scales 3, fire resistance 1, foul stench 2, powered by death
3, rot immunity, flame cloud immunity
a: Minor Destruction, Lesser Servant of Makhleb, Major Destruction, Greater
Servant of Makhleb, Renounce Religion


You were in the Dungeon.
You worshipped Makhleb.
Makhleb was exalted by your worship.
You were not hungry.

You visited 1 branch

Inventory:

Hand weapons
 i - the +∞ Axe of Woe (weapon)
   (You found it in the Dungeon)
Armour
 a - a +0 robe (worn)
Scrolls
 h - a scroll of blinking
Potions
 c - a potion of curing
 d - a potion of heal wounds
 e - a potion of haste
 f - 2 potions of magic
 g - a potion of berserk rage
Comestibles
 b - a bread ration


   Skills:
 O Level 27 Fighting
 O Level 27 Axes
 O Level 27 Throwing
 O Level 27 Armour
 O Level 27 Dodging
 O Level 27 Stealth
 O Level 27 Unarmed Combat
 O Level 27 Spellcasting
 O Level 27 Invocations


You had 78 spell levels left.
You didn't know any spells.

Dungeon Overview and Level Annotations

Branches:
Dungeon (1/1)

Altars:
Makhleb

Annotations:
D The Servant


Innate Abilities, Weirdness & Mutations

You have hooves in place of feet.
You are completely covered in molten scales (AC +4, EV -1, rF+).
Your flesh is heat resistant.
You radiate miasma.
You can steal the life force of all defeated enemies in sight.
You are immune to rotting.
You are immune to clouds of flame.


Message History

You dissect the bag of meat like a pig carcass.
You kill the bag of meat!
Makhleb accepts your kill.
You have reached level 25!
Your demonic ancestry asserts itself...
You begin to radiate miasma.
You hear a shout! x2
The destroyer is engulfed in roaring flames.
The destroyer blinks!
You hear a shout!
The Servant hits you from afar with a +9 glaive of flaming!!
The Servant burns you.
A meat berserker comes into view.
It is wielding a +9 battleaxe. 2 orcs come into view.
You hear a shout! x4
The destroyer blinks!
The destroyer is engulfed in roaring flames.
The destroyer hits you with a +9 great sword of slicing!!!!!
Ouch! That really hurt!
You die...

... ....... .....
.#..o.....#.......# .
...#V... #... ...#
.O.#......###... ...###.
....O..........###......
.....@.#........_.......
#.....#)§§§...#.....#
#.§o§.V§...#§§<._#
#....#§@§X.§X#§§§..#....
.....%o.#V§.)).)o§.......
....oo....)))))###......
.........)###.......###.
o.......%.. #.......#
...........#.C..C..#
.#o................
.#.#..........C...
#.....V.......


You could see The Servant, 2 destroyers, 2 large abominations, 2 meat berserkers
and 7 bags of meat.

Vanquished Creatures
  A greater mummy (D)
  7 hill giants (D)
  18 ogres (D)
  44 orcs (D)
  A skeletal warrior (D)
  8 vampire knights (D)
  A large abomination (D)
  4 small abominations (D)
84 creatures vanquished.

Vanquished Creatures (others)
  5 crawling corpses (D)
5 creatures vanquished.

Grand Total: 89 creatures vanquished

Notes
Turn   | Place    | Note
--------------------------------------------------------------
     0 | D        | PolkaDot, the Demonspawn Monk, began the quest for the Orb.
     0 | D        | Reached XP level 1. HP: 18/18 MP: 1/1
     3 | D        | Noticed a bag of meat
     3 | D        | Noticed a bag of meat
     3 | D        | Noticed a meat berserker
     4 | D        | Noticed a bag of meat
     4 | D        | Became a worshipper of Makhleb the Destroyer
     4 | D        | Acquired Makhleb's first power
     4 | D        | Acquired Makhleb's second power
     5 | D        | Noticed a bag of meat
     5 | D        | Noticed a bag of meat
     6 | D        | Noticed a bag of meat
     8 | D        | Noticed a bag of meat
     8 | D        | Noticed a bag of meat
     9 | D        | Noticed a meat berserker
     9 | D        | Noticed a meat berserker
     9 | D        | Killed a meat berserker
     9 | D        | Reached skill level 14 in Fighting
     9 | D        | Gained mutation: You can steal the life force of nearby defeated enemies. [demonic ancestry]
     9 | D        | Reached XP level 2. HP: 21/42 MP: 2/2
     9 | D        | Gained mutation: You are partially covered in molten scales (AC +1). [demonic ancestry]
     9 | D        | Reached XP level 3. HP: 24/48 MP: 3/3
     9 | D        | Reached XP level 4. HP: 27/55 MP: 4/4
     9 | D        | Reached XP level 5. HP: 29/61 MP: 5/5
     9 | D        | Reached XP level 6. HP: 32/68 MP: 6/6
     9 | D        | Reached XP level 7. HP: 34/74 MP: 7/7
     9 | D        | Gained mutation: You have large cloven feet. [demonic ancestry]
     9 | D        | Reached XP level 8. HP: 37/81 MP: 8/8
     9 | D        | Gained mutation: You are mostly covered in molten scales (AC +3, EV -1). [demonic ancestry]
     9 | D        | Reached XP level 9. HP: 39/87 MP: 9/9
     9 | D        | Gained mutation: You are immune to rotting. [demonic ancestry]
     9 | D        | Reached XP level 10. HP: 42/94 MP: 10/10
     9 | D        | Gained mutation: You are completely covered in molten scales (AC +4, EV -1, rF+). [demonic ancestry]
     9 | D        | Reached XP level 11. HP: 44/100 MP: 11/11
     9 | D        | Killed a bag of meat
     9 | D        | Reached skill level 16 in Fighting
     9 | D        | Reached skill level 15 in Dodging
     9 | D        | Reached skill level 15 in Unarmed Combat
     9 | D        | Reached XP level 12. HP: 80/111 MP: 12/12
    10 | D        | Noticed a meat berserker
    10 | D        | Killed a bag of meat
    10 | D        | Acquired Makhleb's third power
    10 | D        | Reached skill level 17 in Fighting
    10 | D        | Gained mutation: You have hoof-like feet. [demonic ancestry]
    10 | D        | Reached XP level 13. HP: 88/120 MP: 13/13
    10 | D        | Killed a bag of meat
    10 | D        | Reached skill level 18 in Fighting
    10 | D        | Reached skill level 19 in Unarmed Combat
    10 | D        | Killed a bag of meat
    10 | D        | Acquired Makhleb's fourth power
    10 | D        | Reached skill level 20 in Unarmed Combat
    10 | D        | Gained mutation: Your flesh is heat resistant. [demonic ancestry]
    10 | D        | Reached XP level 14. HP: 93/133 MP: 14/14
    10 | D        | HP: 6/133 [meat berserker/+9 battleaxe (24)]
    11 | D        | Noticed a bag of meat
    11 | D        | Noticed a meat berserker
    11 | D        | Killed a bag of meat
    11 | D        | Reached skill level 5 in Axes
    11 | D        | Reached skill level 21 in Unarmed Combat
    11 | D        | Killed a meat berserker
    11 | D        | Reached skill level 22 in Unarmed Combat
    11 | D        | Gained mutation: You are immune to clouds of flame. [demonic ancestry]
    11 | D        | Reached XP level 15. HP: 109/142 MP: 15/15
    12 | D        | Noticed a bag of meat
    12 | D        | Killed a meat berserker
    12 | D        | Acquired Makhleb's fifth power
    12 | D        | Reached skill level 23 in Unarmed Combat
    12 | D        | Killed a bag of meat
    12 | D        | Reached skill level 24 in Unarmed Combat
    12 | D        | Killed a bag of meat
    12 | D        | Reached skill level 25 in Unarmed Combat
    13 | D        | Noticed a bag of meat
    13 | D        | Noticed a bag of meat
    13 | D        | Noticed a meat berserker
    13 | D        | Killed a meat berserker
    13 | D        | Reached skill level 26 in Unarmed Combat
    13 | D        | Reached XP level 16. HP: 130/155 MP: 16/16
    14 | D        | Killed a meat berserker
    14 | D        | Noticed a bag of meat
    14 | D        | Noticed a bag of meat
    15 | D        | Noticed a meat berserker
    15 | D        | Noticed a bag of meat
    15 | D        | Killed a bag of meat
    15 | D        | Reached skill level 27 in Unarmed Combat
    15 | D        | Killed a meat berserker
    16 | D        | Noticed a meat berserker
    16 | D        | Killed a bag of meat
    16 | D        | Gained mutation: You have hooves in place of feet. [demonic ancestry]
    16 | D        | Reached XP level 17. HP: 166/169 MP: 17/17
    16 | D        | Killed a meat berserker
    17 | D        | Noticed a meat berserker
    17 | D        | Noticed a large bag of meat
    17 | D        | Killed a bag of meat
    18 | D        | Noticed a bag of meat
    18 | D        | Noticed a bag of meat
    18 | D        | Noticed a large bag of meat
    19 | D        | Noticed a bag of meat
    19 | D        | Noticed a bag of meat
    19 | D        | Noticed a bag of meat
    19 | D        | Killed a bag of meat
    19 | D        | Reached skill level 27 in Fighting
    19 | D        | Killed a bag of meat
    20 | D        | Noticed a bag of meat
    20 | D        | Killed a meat berserker
    20 | D        | Reached skill level 27 in Dodging
    20 | D        | Reached XP level 18. HP: 182/182 MP: 18/18
    20 | D        | Killed a bag of meat
    20 | D        | Killed a large bag of meat
    20 | D        | Killed a bag of meat
    20 | D        | Killed a large bag of meat
    21 | D        | Noticed a large bag of meat
    21 | D        | Noticed a bag of meat
    21 | D        | Noticed a destroyer
    21 | D        | Killed a meat berserker
    21 | D        | Reached skill level 27 in Axes
    21 | D        | Killed a bag of meat
    21 | D        | Gained mutation: You can steal the life force of defeated enemies. [demonic ancestry]
    21 | D        | Reached XP level 19. HP: 189/189 MP: 18/18
    22 | D        | Noticed a bag of meat
    22 | D        | Killed a bag of meat
    22 | D        | Killed a bag of meat
    22 | D        | Reached skill level 27 in Stealth
    23 | D        | Noticed a meat berserker
    23 | D        | Noticed a meat berserker
    25 | D        | Noticed a destroyer
    26 | D        | Killed a meat berserker
    26 | D        | Killed a meat berserker
    26 | D        | Killed a bag of meat
    26 | D        | Reached skill level 10 in Throwing
    26 | D        | Reached skill level 10 in Armour
    26 | D        | Reached skill level 10 in Spellcasting
    26 | D        | Killed a destroyer
    27 | D        | Noticed a large bag of meat
    27 | D        | Noticed a large bag of meat
    27 | D        | Noticed a meat berserker
    27 | D        | Noticed a destroyer
    28 | D        | Noticed a large bag of meat
    28 | D        | Killed a meat berserker
    28 | D        | Reached XP level 20. HP: 197/197 MP: 18/38
    29 | D        | Killed a bag of meat
    29 | D        | Killed a bag of meat
    29 | D        | Reached skill level 15 in Throwing
    29 | D        | Reached skill level 15 in Armour
    29 | D        | Reached skill level 15 in Spellcasting
    30 | D        | Noticed a bag of meat
    30 | D        | Killed a destroyer
    30 | D        | Killed a bag of meat
    31 | D        | Noticed a destroyer
    31 | D        | Noticed a bag of meat
    31 | D        | Noticed a destroyer
    31 | D        | Noticed a large bag of meat
    32 | D        | Noticed a bag of meat
    32 | D        | Noticed a bag of meat
    32 | D        | Noticed a bag of meat
    32 | D        | Noticed a bag of meat
    32 | D        | Noticed a bag of meat
    32 | D        | Noticed a destroyer
    33 | D        | Noticed a bag of meat
    33 | D        | Noticed a meat berserker
    33 | D        | Noticed a bag of meat
    33 | D        | Noticed a bag of meat
    33 | D        | Noticed a bag of meat
    34 | D        | Noticed a bag of meat
    34 | D        | Killed a large bag of meat
    34 | D        | Killed a bag of meat
    35 | D        | Noticed a sculptor of flesh
    35 | D        | Noticed a bag of meat
    35 | D        | Killed a bag of meat
    35 | D        | Reached XP level 21. HP: 204/204 MP: 19/43
    36 | D        | Noticed a meat berserker
    36 | D        | Noticed a bag of meat
    36 | D        | Killed a large bag of meat
    36 | D        | Killed a bag of meat
    37 | D        | Noticed a meat berserker
    37 | D        | Noticed a bag of meat
    37 | D        | Noticed a bag of meat
    37 | D        | Noticed a meat berserker
    37 | D        | Noticed a destroyer
    37 | D        | Killed a meat berserker
    37 | D        | Reached skill level 27 in Invocations
    38 | D        | Killed a destroyer
    38 | D        | Killed a bag of meat
    38 | D        | Killed a large bag of meat
    38 | D        | Killed a destroyer
    39 | D        | Noticed a bag of meat
    39 | D        | Noticed The Servant
    39 | D        | Noticed a bag of meat
    39 | D        | Killed a large bag of meat
    39 | D        | Killed a bag of meat
    39 | D        | Gained mutation: You can steal the life force of all defeated enemies in sight. [demonic ancestry]
    39 | D        | Reached XP level 22. HP: 212/212 MP: 20/46
    40 | D        | Noticed a destroyer
    40 | D        | Noticed a meat berserker
    40 | D        | Noticed a bag of meat
    40 | D        | Noticed a bag of meat
    40 | D        | Killed a bag of meat
    40 | D        | Killed a bag of meat
    41 | D        | Noticed a bag of meat
    41 | D        | Killed a meat berserker
    41 | D        | Killed a bag of meat
    41 | D        | Killed a bag of meat
    41 | D        | Reached skill level 27 in Throwing
    41 | D        | Reached skill level 27 in Armour
    41 | D        | Reached skill level 27 in Spellcasting
    42 | D        | Noticed an accursed
    42 | D        | Noticed a bag of meat
    42 | D        | Killed a bag of meat
    42 | D        | Killed a meat berserker
    42 | D        | Killed an accursed
    42 | D        | Killed a bag of meat
    42 | D        | Gained mutation: You emit a foul stench. [demonic ancestry]
    42 | D        | Reached XP level 23. HP: 219/219 MP: 21/48
    43 | D        | Noticed a meat berserker
    43 | D        | Noticed a destroyer
    43 | D        | Killed a meat berserker
    43 | D        | Killed a bag of meat
    44 | D        | Noticed a destroyer
    44 | D        | Killed a bag of meat
    44 | D        | Killed a bag of meat
    44 | D        | Killed a bag of meat
    44 | D        | Killed a meat berserker
    45 | D        | Killed a destroyer
    45 | D        | Killed a large bag of meat
    45 | D        | Killed a destroyer
    46 | D        | Noticed a bag of meat
    46 | D        | Noticed a bag of meat
    46 | D        | Killed a bag of meat
    46 | D        | Reached XP level 24. HP: 227/227 MP: 22/48
    46 | D        | Killed a bag of meat
    46 | D        | Killed a destroyer
    47 | D        | Noticed a bag of meat
    47 | D        | Killed a destroyer
    48 | D        | Noticed a meat berserker
    48 | D        | Killed a bag of meat
    48 | D        | Killed a sculptor of flesh
    48 | D        | Killed a bag of meat
    48 | D        | Killed a bag of meat
    49 | D        | Killed a meat berserker
    50 | D        | Killed a bag of meat
    50 | D        | Killed a bag of meat
    50 | D        | Killed a bag of meat
    50 | D        | Gained mutation: You radiate miasma. [demonic ancestry]
    50 | D        | Reached XP level 25. HP: 234/234 MP: 23/49
    51 | D        | Noticed a meat berserker
    51 | D        | Noticed a bag of meat
    51 | D        | Noticed a bag of meat
    51 | D        | Annihilated by a destroyer

Action                   |  1- 3 |  4- 6 |  7- 9 | 10-12 | 13-15 | 16-18 | 19-21 | 22-24 | 25-27 || total
-------------------------+-------+-------+-------+-------+-------+-------+-------+-------+-------++-------
Melee: Executioner's axe |     1 |       |       |     1 |     3 |     7 |    11 |    11 |       ||    34
